Detroit Red Wings vs Winnipeg Jets
(R1)
Created - Wednesday, February 11, 2026 at 07:34
Goals
|
| Detroit Red Wings |
0 |
1 |
0 |
0 |
3 |
2 |
| Winnipeg Jets |
1 |
0 |
0 |
0 |
2 |
1 |
|
Shots
|
| Detroit Red Wings |
8 |
7 |
8 |
1 |
12 |
24 |
| Winnipeg Jets |
13 |
18 |
0 |
4 |
12 |
35 |
|
1st period
1. Winnipeg Jets , Joel Armia 5 (Taylor Hall 11, Dylan Samberg 8) at 0:56
Penalties :
Conor Timmins (DET) for Delaying the game (Minor) at 3:47, Zachary L'Heureux (DET) for Holding (Minor) at 8:41, Dylan Samberg (WPG) for Slashing (Minor) at 17:11
2nd period
2. Detroit Red Wings , Jackson LaCombe 3 (Fraser Minten 3, Cutter Gauthier 13) at 8:15 (PP)
Penalties :
Connor Bedard (WPG) for Tripping (Minor) at 7:58, Ridly Greig (WPG) for Fighting (Major) at 10:42, Nate Danielson (DET) for Fighting (Major) at 10:42, Ryan Graves (DET) for Cross-checking (Minor) at 12:25, Vasili Podkolzin (DET) for Holding (Minor) at 15:48, Kevin Stenlund (DET) for High sticking (Minor) at 16:26, Cole Sillinger (DET) for Holding (Minor) at 18:58
3rd period
No Goal
Penalties :
Jason Zucker (WPG) for Slashing (Minor) at 1:36, Taylor Hall (WPG) for Cross-checking (Minor) at 3:03
Overtime #1
No Goal
Penalties :
No Penalty
Shootout
Detroit Red Wings, Cutter Gauthier - Shot Misses the Net
Winnipeg Jets, Joel Armia - Stopped by Sergei Bobrovsky
Detroit Red Wings, Collin Graf - Stopped by Dustin Wolf
Winnipeg Jets, Connor Bedard - Shot Misses the Net
Detroit Red Wings, Cole Sillinger - Stopped by Dustin Wolf
Winnipeg Jets, Adam Lowry - Shot Misses the Net
Detroit Red Wings, Nate Danielson - Stopped by Dustin Wolf
Winnipeg Jets, Ridly Greig - Stopped by Sergei Bobrovsky
Detroit Red Wings, Brad Lambert - Goal!
Winnipeg Jets, Taylor Hall - Goal!
Detroit Red Wings, Arthur Kaliyev - Stopped by Dustin Wolf
Winnipeg Jets, Matvei Michkov - Shot Misses the Net
Detroit Red Wings, Tanner Pearson - Stopped by Dustin Wolf
Winnipeg Jets, Alexander Kerfoot - Shot Misses the Net
Detroit Red Wings, Shayne Gostisbehere - Goal!
Winnipeg Jets, Alexis Lafreniere - Goal!
Detroit Red Wings, Conor Timmins - Stopped by Dustin Wolf
Winnipeg Jets, Vladislav Namestnikov - Stopped by Sergei Bobrovsky
Detroit Red Wings, Ryan Graves - Stopped by Dustin Wolf
Winnipeg Jets, Nino Niederreiter - Stopped by Sergei Bobrovsky
Detroit Red Wings, Kevin Stenlund - Stopped by Dustin Wolf
Winnipeg Jets, Jason Zucker - Shot Misses the Net
Detroit Red Wings, Vasili Podkolzin - Goal!
Winnipeg Jets, Nate Schmidt - Shot Misses the Net
Penalties :
No Penalty
Goalie Stats
Sergei Bobrovsky (DET), 34 saves from 35 shots - (0.971), W, 8-6-1, 65:00 minutes
Dustin Wolf (WPG), 23 saves from 24 shots - (0.958), OTL, 5-2-6, 65:00 minutes
Players Stats for Detroit Red Wings
Player Name G A P +/- PIM S H SB GA TA FO MP PP MP PK MP
------------------------------------------------------------------------------------
Arthur Kaliyev 0 0 0 0 0 1 2 1 0 0 0/1 16:24 3:16 0:00
Brad Lambert 0 0 0 0 0 3 0 0 1 0 1/4 12:28 0:00 3:12
Cole Sillinger 0 0 0 0 2 1 3 1 1 0 11/20 21:43 3:16 3:57
Collin Graf 0 0 0 0 0 0 0 1 0 1 0/0 21:52 2:26 3:41
Conor Timmins 0 0 0 0 2 1 0 2 0 0 0/0 16:07 0:00 3:34
Cutter Gauthier 0 1 1 0 0 0 1 1 1 0 3/16 15:21 2:26 0:03
Dmitry Orlov 0 0 0 0 0 0 4 1 0 0 0/0 28:46 2:42 5:09
Fraser Minten 0 1 1 0 0 2 0 0 0 0 2/2 14:45 2:26 0:56
Jackson LaCombe 1 0 1 0 0 5 2 3 0 4 0/0 29:15 2:42 5:09
Jamie Drysdale 0 0 0 -1 0 0 0 2 1 2 0/0 21:25 3:00 0:58
Kasperi Kapanen 0 0 0 -1 0 0 0 0 0 0 0/0 9:47 0:00 0:20
Kevin Stenlund 0 0 0 -1 2 2 1 0 0 0 11/14 15:18 0:00 3:18
Nate Danielson 0 0 0 0 5 0 0 0 0 0 1/1 7:31 0:00 0:00
Ryan Graves 0 0 0 0 2 1 1 1 0 0 0/0 14:55 0:00 4:02
Shayne Gostisbehere 0 0 0 -1 0 1 0 2 0 1 0/0 21:19 3:00 2:14
Tanner Pearson 0 0 0 -1 0 1 2 0 0 0 0/0 10:47 0:00 0:00
Vasili Podkolzin 0 0 0 0 2 1 0 0 1 1 0/0 9:14 0:00 1:02
Zachary L'Heureux 0 0 0 0 2 5 2 0 0 0 1/1 21:02 3:16 3:15
Players Stats for Winnipeg Jets
Player Name G A P +/- PIM S H SB GA TA FO MP PP MP PK MP
------------------------------------------------------------------------------------
Adam Lowry 0 0 0 0 0 1 0 1 0 1 5/16 20:30 5:06 2:10
Alexander Kerfoot 0 0 0 0 0 2 0 2 2 0 1/1 17:18 5:06 0:13
Alexis Lafreniere 0 0 0 1 0 1 3 0 1 1 0/0 12:38 0:36 0:06
Connor Bedard 0 0 0 0 2 5 0 0 1 1 0/0 23:30 5:24 3:00
Dylan Samberg 0 1 1 1 2 3 1 0 1 0 0/0 28:39 5:33 1:49
Haydn Fleury 0 0 0 0 0 2 2 2 1 0 0/0 23:30 5:00 2:53
Jason Zucker 0 0 0 0 2 4 1 0 1 1 12/23 18:28 5:17 0:13
Joel Armia 1 0 1 1 0 3 0 0 0 0 0/0 12:05 0:00 0:32
Jonas Brodin 0 0 0 1 0 2 2 0 0 0 0/0 28:58 5:33 2:49
Matvei Michkov 0 0 0 0 0 3 2 0 0 0 2/3 13:36 0:45 0:00
Michael Kesselring 0 0 0 0 0 0 2 0 0 0 0/0 13:36 0:00 1:00
Nate Schmidt 0 0 0 0 0 2 1 0 0 0 0/0 24:04 5:00 2:53
Nino Niederreiter 0 0 0 0 0 0 2 0 0 0 0/0 8:04 0:00 0:00
Ridly Greig 0 0 0 0 5 2 3 0 1 0 2/3 20:30 4:16 2:36
Sam Steel 0 0 0 0 0 0 2 0 0 0 1/4 8:59 0:03 0:00
Sean Durzi 0 0 0 0 0 1 0 0 0 0 0/0 11:46 0:00 0:00
Taylor Hall 0 1 1 0 2 2 2 0 1 1 2/2 18:03 5:06 2:01
Vladislav Namestnikov 0 0 0 1 0 2 1 0 0 0 4/7 9:27 0:00 0:00
3 Stars
1 - Sergei Bobrovsky (DET)
2 - Jackson LaCombe (DET)
3 - Dustin Wolf (WPG)
Power Play
Detroit Red Wings - 1 on 4 Attempt(s) - 25.00%
Winnipeg Jets - 0 on 6 Attempt(s) - 0.00%
Penalty Kill
Detroit Red Wings - 6 on 6 Attempt(s) - 100.00%
- Score 0 goal in Penalty Kill
Winnipeg Jets - 3 on 4 Attempt(s) - 75.00%
- Score 0 goal in Penalty Kill
Team Stat
Detroit Red Wings - Hits : 18 - Faceoff Wins : 30 - Blocked Shots : 15 - Penalty Minutes : 17
Winnipeg Jets - Hits : 24 - Faceoff Wins : 29 - Blocked Shots : 5 - Penalty Minutes : 13
Official
Referees : Eric Furlatt and Frederick L'Ecuyer
Linesman : Ryan Daisy and Scott Cherrey
Game Notes
Ridly Greig and Nate Danielson fight to a draw at 10:42 of 2nd period
Finance
Level 1 -- Attendance: 6000 (100.00%) -- Ticket Income $552,000
Level 2 -- Attendance: 4559 (91.18%) -- Ticket Income $250,745
Level 3 -- Attendance: 2609 (86.97%) -- Ticket Income $78,270
Level 4 -- Attendance: 4737 (94.74%) -- Ticket Income $104,214
Luxury Box -- Attendance: 1000 (100.00%) -- Ticket Income $190,000
Game was played at the MTS Centre.
Total Attendance: 18905 (94.53%)
Total Ticket Income: $1,175,229
Other Income: $411,330
Total Income: $1,586,559
Detroit Red Wings
5 vs 5 Forward
Center Left Wing Right Wing Time % Phy DF OF
1 Cutter Gauthier Fraser Minten Collin Graf 35 1 1 3
2 Cole Sillinger Zachary L'Heureux Arthur Kaliyev 35 1 1 3
3 Kevin Stenlund Kasperi Kapanen Tanner Pearson 20 1 2 2
4 Brad Lambert Nate Danielson Vasili Podkolzin 10 2 2 1
5 vs 5 Defense
Defense Defense Time % Phy DF OF
1 Jackson LaCombe Dmitry Orlov 40 1 2 2
2 Shayne Gostisbehere Jamie Drysdale 30 1 2 2
3 Conor Timmins Ryan Graves 20 2 2 1
4 Jamie Drysdale Jackson LaCombe 10 1 2 2
PowerPlay Forward
Center Left Wing Right Wing Time % Phy DF OF
1 Cutter Gauthier Fraser Minten Collin Graf 50 1 1 3
2 Cole Sillinger Zachary L'Heureux Arthur Kaliyev 50 0 1 3
PowerPlay Defense
Defense Defense Time % Phy DF OF
1 Jackson LaCombe Dmitry Orlov 50 1 2 2
2 Shayne Gostisbehere Jamie Drysdale 50 1 2 2
Penalty Kill 4 Players Forward
Center Wing Time % Phy DF OF
1 Kevin Stenlund Collin Graf 50 2 2 1
2 Cole Sillinger Zachary L'Heureux 50 2 2 1
Penalty Kill 4 Players Defense
Defense Defense Time % Phy DF OF
1 Jackson LaCombe Dmitry Orlov 50 1 2 2
2 Conor Timmins Ryan Graves 50 1 2 2
Penalty Kill - 3 Players Forward
Forward Time % Phy DF OF
1 Kevin Stenlund 50 1 2 2
2 Cole Sillinger 50 1 2 2
Penalty Kill - 3 Players Defense
Defense Defense Time % Phy DF OF
1 Jackson LaCombe Dmitry Orlov 50 1 2 2
2 Conor Timmins Ryan Graves 50 2 2 1
4 vs 4 Forward
Center Wing Time % Phy DF OF
1 Cutter Gauthier Collin Graf 60 1 2 2
2 Cole Sillinger Zachary L'Heureux 40 1 2 2
4 vs 4 Defense
Defense Defense Time % Phy DF OF
1 Jackson LaCombe Dmitry Orlov 60 1 2 2
2 Shayne Gostisbehere Jamie Drysdale 40 1 2 2
Last Minutes Offensive
Center Left Wing Right Wing Defense Defense
Cole Sillinger Cutter Gauthier Collin Graf Jackson LaCombe Dmitry Orlov
Last Minutes Defensive
Center Left Wing Right Wing Defense Defense
Cole Sillinger Cutter Gauthier Collin Graf Jackson LaCombe Dmitry Orlov
Goaltenders
Starting : Sergei Bobrovsky
Backup : Laurent Brossoit
Extra Forwards
Normal : Brad Lambert, Nate Danielson, Tanner Pearson - PP : Brad Lambert, Nate Danielson - PK : Brad Lambert
Extra Defensemen
Normal : Shayne Gostisbehere, Jamie Drysdale, Jackson LaCombe - PP : Shayne Gostisbehere - PK : Shayne Gostisbehere, Jamie Drysdale
Penalty Shots
Cutter Gauthier, Collin Graf, Cole Sillinger, Nate Danielson, Brad Lambert
Scratches
Jayden Struble (Healthy), Christian Fischer (Healthy), Vitek Vanecek (Healthy)
Winnipeg Jets
5 vs 5 Forward
Center Left Wing Right Wing Time % Phy DF OF
1 Jason Zucker Connor Bedard Ridly Greig 30 1 2 2
2 Adam Lowry Taylor Hall Alexander Kerfoot 30 1 2 2
3 Vladislav Namestnikov Alexis Lafreniere Joel Armia 25 1 2 2
4 Sam Steel Matvei Michkov Nino Niederreiter 15 1 2 2
5 vs 5 Defense
Defense Defense Time % Phy DF OF
1 Dylan Samberg Jonas Brodin 30 1 2 2
2 Nate Schmidt Haydn Fleury 30 1 2 2
3 Sean Durzi Michael Kesselring 25 1 2 2
4 Dylan Samberg Jonas Brodin 15 1 2 2
PowerPlay Forward
Center Left Wing Right Wing Time % Phy DF OF
1 Jason Zucker Connor Bedard Ridly Greig 50 1 2 2
2 Adam Lowry Taylor Hall Alexander Kerfoot 50 1 2 2
PowerPlay Defense
Defense Defense Time % Phy DF OF
1 Dylan Samberg Jonas Brodin 50 1 2 2
2 Nate Schmidt Haydn Fleury 50 1 2 2
Penalty Kill 4 Players Forward
Center Wing Time % Phy DF OF
1 Taylor Hall Connor Bedard 50 1 2 2
2 Adam Lowry Ridly Greig 50 1 2 2
Penalty Kill 4 Players Defense
Defense Defense Time % Phy DF OF
1 Dylan Samberg Jonas Brodin 50 1 2 2
2 Nate Schmidt Haydn Fleury 50 1 2 2
Penalty Kill - 3 Players Forward
Forward Time % Phy DF OF
1 Ridly Greig 50 1 2 2
2 Connor Bedard 50 1 2 2
Penalty Kill - 3 Players Defense
Defense Defense Time % Phy DF OF
1 Dylan Samberg Jonas Brodin 50 1 2 2
2 Nate Schmidt Haydn Fleury 50 1 2 2
4 vs 4 Forward
Center Wing Time % Phy DF OF
1 Matvei Michkov Connor Bedard 50 1 2 2
2 Adam Lowry Ridly Greig 50 1 2 2
4 vs 4 Defense
Defense Defense Time % Phy DF OF
1 Dylan Samberg Jonas Brodin 50 1 2 2
2 Nate Schmidt Haydn Fleury 50 1 2 2
Last Minutes Offensive
Center Left Wing Right Wing Defense Defense
Jason Zucker Connor Bedard Ridly Greig Dylan Samberg Jonas Brodin
Last Minutes Defensive
Center Left Wing Right Wing Defense Defense
Jason Zucker Connor Bedard Ridly Greig Dylan Samberg Jonas Brodin
Goaltenders
Starting : Dustin Wolf
Backup : Yaroslav Askarov
Extra Forwards
Normal : Matvei Michkov, Alexis Lafreniere, Joel Armia - PP : Matvei Michkov, Alexis Lafreniere - PK : Joel Armia
Extra Defensemen
Normal : Dylan Samberg, Michael Kesselring, Nate Schmidt - PP : Jonas Brodin - PK : Michael Kesselring, Nate Schmidt
Penalty Shots
Joel Armia, Connor Bedard, Adam Lowry, Ridly Greig, Taylor Hall
Scratches
Erik Brannstrom (Healthy), Mikael Backlund (Healthy), Barclay Goodrow (Healthy), Derek Forbort (Healthy)
% Time on Ice - Detroit Red Wings
Lines # - Real PCT - Wanted PCT - Time Play
Normal Forward
1 - 32% - 35% - 13:58
2 - 36% - 35% - 15:46
3 - 20% - 20% - 8:34
4 - 12% - 10% - 5:27
Normal Defense
1 - 40% - 40% - 17:22
2 - 36% - 30% - 15:41
3 - 22% - 20% - 9:34
4 - 3% - 10% - 1:08
PP Forward
1 - 43% - 50% - 2:26
2 - 57% - 50% - 3:16
PP Defense
1 - 47% - 50% - 2:42
2 - 53% - 50% - 3:00
PK Forward
1 - 43% - 50% - 3:55
2 - 57% - 50% - 5:17
PK Defense
1 - 49% - 50% - 4:30
2 - 51% - 50% - 4:42
PK3 Forward
1 - 62% - 50% - 0:50
2 - 38% - 50% - 0:31
PK3 Defense
1 - 48% - 50% - 0:39
2 - 52% - 50% - 0:42
44 Forward
1 - 78% - 60% - 3:53
2 - 22% - 40% - 1:07
44 Defense
1 - 57% - 60% - 2:51
2 - 43% - 40% - 2:09
Last Minute Offensive - 0:00
Last Minute Defensive - 0:00
Total
Forward - 65:00
Defense - 65:00
|
% Time on Ice - Winnipeg Jets
Lines # - Real PCT - Wanted PCT - Time Play
Normal Forward
1 - 29% - 30% - 12:42
2 - 31% - 30% - 13:37
3 - 21% - 25% - 9:22
4 - 18% - 15% - 8:04
Normal Defense
1 - 30% - 30% - 13:08
2 - 37% - 30% - 16:05
3 - 24% - 25% - 10:21
4 - 10% - 15% - 4:11
PP Forward
1 - 52% - 50% - 5:27
2 - 48% - 50% - 5:06
PP Defense
1 - 53% - 50% - 5:33
2 - 47% - 50% - 5:00
PK Forward
1 - 58% - 50% - 3:00
2 - 42% - 50% - 2:10
PK Defense
1 - 53% - 50% - 2:44
2 - 47% - 50% - 2:26
PK3 Forward
1 - 41% - 50% - 0:13
2 - 59% - 50% - 0:19
PK3 Defense
1 - 16% - 50% - 0:05
2 - 84% - 50% - 0:27
44 Forward
1 - 48% - 50% - 2:23
2 - 52% - 50% - 2:37
44 Defense
1 - 64% - 50% - 3:11
2 - 36% - 50% - 1:49
Last Minute Offensive - 0:00
Last Minute Defensive - 0:00
Total
Forward - 65:00
Defense - 65:00
|
Play-by-Play
1st period
0:01 of 1st period - Jason Zucker wins face-off versus Cutter Gauthier in neutral zone.
0:06 of 1st period - Snap shot by Jason Zucker.
0:06 of 1st period - Shot Blocked by Jackson LaCombe.
0:08 of 1st period - Slapshot by Dylan Samberg.
0:08 of 1st period - Shot Misses the Net.
0:10 of 1st period - Snap shot by Dylan Samberg.
0:10 of 1st period - Shot Misses the Net.
0:12 of 1st period - Wrist shot by Ridly Greig.
0:12 of 1st period - Stopped by Sergei Bobrovsky with a rebound.
0:14 of 1st period - Slapshot by Jonas Brodin.
0:14 of 1st period - Shot Blocked by Jackson LaCombe.
0:16 of 1st period - Slapshot by Jonas Brodin.
0:16 of 1st period - Stopped by Sergei Bobrovsky with a rebound.
0:54 of 1st period - Slapshot by Joel Armia.
0:54 of 1st period - Shot Misses the Net.
0:56 of 1st period - Wrist shot by Joel Armia.
0:56 of 1st period - Goal by Joel Armia - Detroit Red Wings : 0 - Winnipeg Jets : 1.
0:57 of 1st period - Brad Lambert wins face-off versus Sam Steel in neutral zone.
2:06 of 1st period - Icing by Sean Durzi.
2:07 of 1st period - Kevin Stenlund wins face-off versus Vladislav Namestnikov in Winnipeg Jets zone.
2:42 of 1st period - Dylan Samberg is hit by Cutter Gauthier and loses puck.
3:32 of 1st period - Wrist shot by Nino Niederreiter.
3:32 of 1st period - Shot Misses the Net.
3:34 of 1st period - Slapshot by Dylan Samberg.
3:34 of 1st period - Shot Blocked by Shayne Gostisbehere.
3:36 of 1st period - Wrist shot by Dylan Samberg.
3:36 of 1st period - Stopped by Sergei Bobrovsky without a rebound.
3:37 of 1st period - Jason Zucker wins face-off versus Cole Sillinger in Detroit Red Wings zone.
3:47 of 1st period - Minor Penalty to Conor Timmins for Delaying the game.
3:48 of 1st period - Kevin Stenlund wins face-off versus Jason Zucker in Detroit Red Wings zone.
4:32 of 1st period - Zachary L'Heureux is hit by Haydn Fleury and loses puck.
5:47 of 1st period - Penalty to Conor Timmins is over, Conor Timmins is back on ice.
6:29 of 1st period - Snap shot by Alexis Lafreniere.
6:29 of 1st period - Stopped by Sergei Bobrovsky with a rebound.
6:43 of 1st period - Collin Graf is hit by Michael Kesselring and loses puck.
7:04 of 1st period - Conor Timmins is hit by Alexis Lafreniere and loses puck.
8:19 of 1st period - Wrist shot by Alexis Lafreniere.
8:19 of 1st period - Deflect By Joel Armia.
8:19 of 1st period - Shot Blocked by Jackson LaCombe.
8:19 of 1st period - Puck is out of play.
8:20 of 1st period - Cole Sillinger wins face-off versus Jason Zucker in Detroit Red Wings zone.
8:20 of 1st period - Cole Sillinger is hit by Ridly Greig.
8:35 of 1st period - Wrist shot by Ridly Greig.
8:35 of 1st period - Shot Misses the Net.
8:41 of 1st period - Minor Penalty to Zachary L'Heureux for Holding.
8:42 of 1st period - Cole Sillinger wins face-off versus Adam Lowry in Detroit Red Wings zone.
8:55 of 1st period - Slapshot by Jackson LaCombe.
8:55 of 1st period - Stopped by Dustin Wolf without a rebound.
8:56 of 1st period - Cole Sillinger wins face-off versus Jason Zucker in Winnipeg Jets zone.
8:57 of 1st period - Slapshot by Jackson LaCombe.
8:57 of 1st period - Shot Misses the Net.
9:23 of 1st period - Alexander Kerfoot is hit by Dmitry Orlov and loses puck.
10:41 of 1st period - Penalty to Zachary L'Heureux is over, Zachary L'Heureux is back on ice.
10:44 of 1st period - Vasili Podkolzin is hit by Taylor Hall and loses puck.
10:54 of 1st period - Off-side.
10:55 of 1st period - Sam Steel wins face-off versus Cole Sillinger in neutral zone.
11:36 of 1st period - Off-side.
11:37 of 1st period - Vladislav Namestnikov wins face-off versus Brad Lambert in neutral zone.
11:42 of 1st period - Slapshot by Vladislav Namestnikov.
11:42 of 1st period - Shot Misses the Net.
11:44 of 1st period - Snap shot by Joel Armia.
11:44 of 1st period - Deflect By Alexis Lafreniere.
11:44 of 1st period - Shot Blocked by Ryan Graves.
11:44 of 1st period - Puck is out of play.
11:45 of 1st period - Zachary L'Heureux wins face-off versus Vladislav Namestnikov in Detroit Red Wings zone.
11:50 of 1st period - Snap shot by Zachary L'Heureux.
11:50 of 1st period - Stopped by Dustin Wolf with a rebound.
12:10 of 1st period - Slapshot by Vasili Podkolzin.
12:10 of 1st period - Stopped by Dustin Wolf with a rebound.
12:12 of 1st period - Wrist shot by Brad Lambert.
12:12 of 1st period - Shot Misses the Net.
12:14 of 1st period - Slapshot by Conor Timmins.
12:14 of 1st period - Stopped by Dustin Wolf with a rebound.
12:16 of 1st period - Slapshot by Ryan Graves.
12:16 of 1st period - Shot Misses the Net.
12:18 of 1st period - Wrist shot by Vasili Podkolzin.
12:18 of 1st period - Deflect By Brad Lambert.
12:18 of 1st period - Stopped by Dustin Wolf without a rebound.
12:19 of 1st period - Kevin Stenlund wins face-off versus Jason Zucker in Winnipeg Jets zone.
12:30 of 1st period - Slapshot by Jason Zucker.
12:30 of 1st period - Stopped by Sergei Bobrovsky without a rebound.
12:31 of 1st period - Cole Sillinger wins face-off versus Adam Lowry in Detroit Red Wings zone.
12:42 of 1st period - Backhand shot by Jackson LaCombe.
12:42 of 1st period - Deflect By Zachary L'Heureux.
12:42 of 1st period - Shot Blocked by Haydn Fleury.
12:42 of 1st period - Puck is out of play.
12:43 of 1st period - Adam Lowry wins face-off versus Cole Sillinger in Winnipeg Jets zone.
13:15 of 1st period - Snap shot by Jason Zucker.
13:15 of 1st period - Stopped by Sergei Bobrovsky without a rebound.
13:16 of 1st period - Kevin Stenlund wins face-off versus Jason Zucker in Detroit Red Wings zone.
14:49 of 1st period - Off-side.
14:50 of 1st period - Jason Zucker wins face-off versus Cole Sillinger in neutral zone.
14:50 of 1st period - Jason Zucker is hit by Cole Sillinger.
15:00 of 1st period - Slapshot by Jason Zucker.
15:00 of 1st period - Stopped by Sergei Bobrovsky without a rebound.
15:01 of 1st period - Adam Lowry wins face-off versus Cole Sillinger in Detroit Red Wings zone.
15:16 of 1st period - Wrist shot by Jackson LaCombe.
15:16 of 1st period - Stopped by Dustin Wolf without a rebound.
15:17 of 1st period - Kevin Stenlund wins face-off versus Jason Zucker in Winnipeg Jets zone.
15:17 of 1st period - Kevin Stenlund is hit by Jonas Brodin.
15:34 of 1st period - Off-side.
15:35 of 1st period - Adam Lowry wins face-off versus Cole Sillinger in neutral zone.
15:42 of 1st period - Slapshot by Adam Lowry.
15:42 of 1st period - Stopped by Sergei Bobrovsky with a rebound.
15:44 of 1st period - Snap shot by Taylor Hall.
15:44 of 1st period - Stopped by Sergei Bobrovsky with a rebound.
15:46 of 1st period - Slapshot by Sean Durzi.
15:46 of 1st period - Stopped by Sergei Bobrovsky with a rebound.
16:02 of 1st period - Ridly Greig is hit by Ryan Graves and loses puck.
17:11 of 1st period - Minor Penalty to Dylan Samberg for Slashing.
17:12 of 1st period - Taylor Hall wins face-off versus Cutter Gauthier in Winnipeg Jets zone.
17:25 of 1st period - Wrist shot by Taylor Hall.
17:25 of 1st period - Stopped by Sergei Bobrovsky with a rebound.
17:27 of 1st period - Slapshot by Haydn Fleury.
17:27 of 1st period - Stopped by Sergei Bobrovsky with a rebound.
17:39 of 1st period - Adam Lowry is hit by Arthur Kaliyev and loses puck.
17:58 of 1st period - Taylor Hall is hit by Cole Sillinger and loses puck.
18:26 of 1st period - Wrist shot by Connor Bedard.
18:26 of 1st period - Shot Blocked by Jamie Drysdale.
18:56 of 1st period - Wrist shot by Zachary L'Heureux.
18:56 of 1st period - Stopped by Dustin Wolf with a rebound.
19:11 of 1st period - Penalty to Dylan Samberg is over, Dylan Samberg is back on ice.
19:22 of 1st period - Wrist shot by Zachary L'Heureux.
19:22 of 1st period - Stopped by Dustin Wolf with a rebound.
Goals for this period are 0 for Detroit Red Wings vs 1 for Winnipeg Jets.
Shots for this period are 8 for Detroit Red Wings vs 13 for Winnipeg Jets.
2nd period
0:01 of 2nd period - Jason Zucker wins face-off versus Cutter Gauthier in neutral zone.
0:06 of 2nd period - Slapshot by Jason Zucker.
0:06 of 2nd period - Shot Misses the Net.
1:09 of 2nd period - Zachary L'Heureux is hit by Nino Niederreiter.
1:13 of 2nd period - Wrist shot by Matvei Michkov.
1:13 of 2nd period - Shot Blocked by Conor Timmins.
1:23 of 2nd period - Snap shot by Zachary L'Heureux.
1:23 of 2nd period - Stopped by Dustin Wolf without a rebound.
1:24 of 2nd period - Jason Zucker wins face-off versus Cutter Gauthier in Winnipeg Jets zone.
1:24 of 2nd period - Jason Zucker is hit by Dmitry Orlov.
1:50 of 2nd period - Fraser Minten is hit by Michael Kesselring.
1:55 of 2nd period - Off-side.
1:56 of 2nd period - Kevin Stenlund wins face-off versus Sam Steel in neutral zone.
1:59 of 2nd period - Snap shot by Tanner Pearson.
1:59 of 2nd period - Shot Misses the Net.
2:05 of 2nd period - Slapshot by Matvei Michkov.
2:05 of 2nd period - Stopped by Sergei Bobrovsky with a rebound.
2:07 of 2nd period - Snap shot by Sam Steel.
2:07 of 2nd period - Shot Misses the Net.
2:09 of 2nd period - Snap shot by Dylan Samberg.
2:09 of 2nd period - Stopped by Sergei Bobrovsky with a rebound.
2:15 of 2nd period - Snap shot by Matvei Michkov.
2:15 of 2nd period - Shot Misses the Net.
2:17 of 2nd period - Snap shot by Nino Niederreiter.
2:17 of 2nd period - Shot Misses the Net.
2:19 of 2nd period - Wrist shot by Jonas Brodin.
2:19 of 2nd period - Stopped by Sergei Bobrovsky with a rebound.
2:21 of 2nd period - Slapshot by Haydn Fleury.
2:21 of 2nd period - Shot Misses the Net.
2:23 of 2nd period - Slapshot by Nate Schmidt.
2:23 of 2nd period - Shot Blocked by Jamie Drysdale.
2:25 of 2nd period - Slapshot by Nate Schmidt.
2:25 of 2nd period - Stopped by Sergei Bobrovsky without a rebound.
2:26 of 2nd period - Jason Zucker wins face-off versus Cutter Gauthier in Detroit Red Wings zone.
3:02 of 2nd period - Slapshot by Arthur Kaliyev.
3:02 of 2nd period - Stopped by Dustin Wolf without a rebound.
3:03 of 2nd period - Adam Lowry wins face-off versus Cole Sillinger in Winnipeg Jets zone.
3:12 of 2nd period - Slapshot by Cole Sillinger.
3:12 of 2nd period - Deflect By Zachary L'Heureux.
3:12 of 2nd period - Stopped by Dustin Wolf with a rebound.
3:14 of 2nd period - Slapshot by Shayne Gostisbehere.
3:14 of 2nd period - Stopped by Dustin Wolf without a rebound.
3:15 of 2nd period - Jason Zucker wins face-off versus Cutter Gauthier in Winnipeg Jets zone.
4:28 of 2nd period - Wrist shot by Jason Zucker.
4:28 of 2nd period - Stopped by Sergei Bobrovsky with a rebound.
4:56 of 2nd period - Snap shot by Alexander Kerfoot.
4:56 of 2nd period - Stopped by Sergei Bobrovsky with a rebound.
5:12 of 2nd period - Snap shot by Vladislav Namestnikov.
5:12 of 2nd period - Shot Misses the Net.
5:14 of 2nd period - Snap shot by Vladislav Namestnikov.
5:14 of 2nd period - Stopped by Sergei Bobrovsky with a rebound.
5:16 of 2nd period - Wrist shot by Joel Armia.
5:16 of 2nd period - Stopped by Sergei Bobrovsky without a rebound.
5:17 of 2nd period - Ridly Greig wins face-off versus Cutter Gauthier in Detroit Red Wings zone.
5:32 of 2nd period - Dmitry Orlov is hit by Ridly Greig and loses puck.
5:45 of 2nd period - Icing by Cutter Gauthier.
5:46 of 2nd period - Vladislav Namestnikov wins face-off versus Cutter Gauthier in Detroit Red Wings zone.
5:53 of 2nd period - Snap shot by Vladislav Namestnikov.
5:53 of 2nd period - Stopped by Sergei Bobrovsky with a rebound.
5:55 of 2nd period - Slapshot by Nate Schmidt.
5:55 of 2nd period - Deflect By Cutter Gauthier.
5:55 of 2nd period - Stopped by Sergei Bobrovsky without a rebound.
5:56 of 2nd period - Cole Sillinger wins face-off versus Adam Lowry in Detroit Red Wings zone.
5:56 of 2nd period - Cole Sillinger is hit by Nate Schmidt.
6:11 of 2nd period - Wrist shot by Taylor Hall.
6:11 of 2nd period - Shot Misses the Net.
6:29 of 2nd period - Wrist shot by Alexis Lafreniere.
6:29 of 2nd period - Shot Blocked by Arthur Kaliyev.
6:51 of 2nd period - Snap shot by Ridly Greig.
6:51 of 2nd period - Deflect By Fraser Minten.
6:51 of 2nd period - Stopped by Sergei Bobrovsky with a rebound.
7:33 of 2nd period - Slapshot by Jamie Drysdale.
7:33 of 2nd period - Shot Blocked by Alexander Kerfoot.
7:47 of 2nd period - Wrist shot by Connor Bedard.
7:47 of 2nd period - Stopped by Sergei Bobrovsky with a rebound.
7:49 of 2nd period - Slapshot by Haydn Fleury.
7:49 of 2nd period - Stopped by Sergei Bobrovsky without a rebound.
7:50 of 2nd period - Jason Zucker wins face-off versus Cutter Gauthier in Detroit Red Wings zone.
7:58 of 2nd period - Minor Penalty to Connor Bedard for Tripping.
7:59 of 2nd period - Adam Lowry wins face-off versus Cutter Gauthier in Winnipeg Jets zone.
8:07 of 2nd period - Snap shot by Cutter Gauthier.
8:07 of 2nd period - Shot Misses the Net.
8:09 of 2nd period - Slapshot by Dmitry Orlov.
8:09 of 2nd period - Shot Misses the Net.
8:11 of 2nd period - Snap shot by Cutter Gauthier.
8:11 of 2nd period - Deflect By Fraser Minten.
8:11 of 2nd period - Stopped by Dustin Wolf with a rebound.
8:13 of 2nd period - Wrist shot by Fraser Minten.
8:13 of 2nd period - Shot Misses the Net.
8:15 of 2nd period - Slapshot by Jackson LaCombe.
8:15 of 2nd period - Goal by Jackson LaCombe - Detroit Red Wings : 1 - Winnipeg Jets : 1.
8:16 of 2nd period - Cutter Gauthier wins face-off versus Jason Zucker in neutral zone.
8:34 of 2nd period - Collin Graf is hit by Jonas Brodin.
9:03 of 2nd period - Taylor Hall is hit by Zachary L'Heureux and loses puck.
9:22 of 2nd period - Wrist shot by Joel Armia.
9:22 of 2nd period - Stopped by Sergei Bobrovsky without a rebound.
9:23 of 2nd period - Cutter Gauthier wins face-off versus Sam Steel in Detroit Red Wings zone.
9:50 of 2nd period - Cole Sillinger is hit by Taylor Hall and loses puck.
10:05 of 2nd period - Icing by Ryan Graves.
10:06 of 2nd period - Cole Sillinger wins face-off versus Jason Zucker in Detroit Red Wings zone.
10:42 of 2nd period - Ridly Greig and Nate Danielson fight to a draw.
10:42 of 2nd period - Penalty to Ridly Greig for Fighting.
10:42 of 2nd period - Penalty to Nate Danielson for Fighting.
10:43 of 2nd period - Alexander Kerfoot wins face-off versus Arthur Kaliyev in Detroit Red Wings zone.
10:52 of 2nd period - Slapshot by Dmitry Orlov.
10:52 of 2nd period - Shot Blocked by Alexander Kerfoot.
11:14 of 2nd period - Off-side.
11:15 of 2nd period - Jason Zucker wins face-off versus Cutter Gauthier in neutral zone.
11:49 of 2nd period - Wrist shot by Taylor Hall.
11:49 of 2nd period - Deflect By Adam Lowry.
11:49 of 2nd period - Shot Blocked by Cole Sillinger.
11:49 of 2nd period - Puck is out of play.
11:50 of 2nd period - Cole Sillinger wins face-off versus Adam Lowry in Detroit Red Wings zone.
12:25 of 2nd period - Minor Penalty to Ryan Graves for Cross-checking.
12:26 of 2nd period - Jason Zucker wins face-off versus Kevin Stenlund in Detroit Red Wings zone.
12:42 of 2nd period - Snap shot by Connor Bedard.
12:42 of 2nd period - Shot Blocked by Collin Graf.
13:02 of 2nd period - Wrist shot by Alexander Kerfoot.
13:02 of 2nd period - Shot Misses the Net.
13:16 of 2nd period - Kevin Stenlund is hit by Jason Zucker and loses puck.
14:25 of 2nd period - Penalty to Ryan Graves is over, Ryan Graves is back on ice.
14:32 of 2nd period - Brad Lambert is hit by Matvei Michkov and loses puck.
14:45 of 2nd period - Jamie Drysdale is hit by Alexis Lafreniere and loses puck.
15:41 of 2nd period - Fraser Minten is hit by Nino Niederreiter and loses puck.
15:48 of 2nd period - Minor Penalty to Vasili Podkolzin for Holding.
15:49 of 2nd period - Kevin Stenlund wins face-off versus Adam Lowry in Detroit Red Wings zone.
16:04 of 2nd period - Wrist shot by Alexander Kerfoot.
16:04 of 2nd period - Stopped by Sergei Bobrovsky without a rebound.
16:05 of 2nd period - Jason Zucker wins face-off versus Kevin Stenlund in Detroit Red Wings zone.
16:26 of 2nd period - Minor Penalty to Kevin Stenlund for High sticking.
16:27 of 2nd period - Cole Sillinger wins face-off versus Adam Lowry in Detroit Red Wings zone.
17:10 of 2nd period - Wrist shot by Connor Bedard.
17:10 of 2nd period - Stopped by Sergei Bobrovsky without a rebound.
17:11 of 2nd period - Cole Sillinger wins face-off versus Jason Zucker in Detroit Red Wings zone.
17:24 of 2nd period - Wrist shot by Connor Bedard.
17:24 of 2nd period - Shot Blocked by Conor Timmins.
17:40 of 2nd period - Slapshot by Ryan Graves.
17:40 of 2nd period - Deflect By Cole Sillinger.
17:40 of 2nd period - Shot Blocked by Adam Lowry.
17:40 of 2nd period - Puck is out of play.
17:41 of 2nd period - Cole Sillinger wins face-off versus Adam Lowry in Winnipeg Jets zone.
17:48 of 2nd period - Penalty to Vasili Podkolzin is over, Vasili Podkolzin is back on ice.
18:16 of 2nd period - Cole Sillinger is hit by Dylan Samberg and loses puck.
18:26 of 2nd period - Penalty to Kevin Stenlund is over, Kevin Stenlund is back on ice.
18:45 of 2nd period - Slapshot by Matvei Michkov.
18:45 of 2nd period - Shot Misses the Net.
18:47 of 2nd period - Slapshot by Michael Kesselring.
18:47 of 2nd period - Deflect By Matvei Michkov.
18:47 of 2nd period - Stopped by Sergei Bobrovsky with a rebound.
18:49 of 2nd period - Wrist shot by Matvei Michkov.
18:49 of 2nd period - Stopped by Sergei Bobrovsky without a rebound.
18:50 of 2nd period - Cole Sillinger wins face-off versus Vladislav Namestnikov in Detroit Red Wings zone.
18:55 of 2nd period - Slapshot by Cole Sillinger.
18:55 of 2nd period - Shot Misses the Net.
18:57 of 2nd period - Wrist shot by Cole Sillinger.
18:57 of 2nd period - Shot Misses the Net.
18:58 of 2nd period - Minor Penalty to Cole Sillinger for Holding.
18:59 of 2nd period - Kevin Stenlund wins face-off versus Adam Lowry in Detroit Red Wings zone.
19:04 of 2nd period - Slapshot by Dmitry Orlov.
19:04 of 2nd period - Deflect By Kevin Stenlund.
19:04 of 2nd period - Stopped by Dustin Wolf with a rebound.
19:28 of 2nd period - Wrist shot by Zachary L'Heureux.
19:28 of 2nd period - Deflect By Ridly Greig.
19:28 of 2nd period - Shot Misses the Net.
19:28 of 2nd period - Puck is out of play.
19:29 of 2nd period - Jason Zucker wins face-off versus Brad Lambert in Winnipeg Jets zone.
Goals for this period are 1 for Detroit Red Wings vs 0 for Winnipeg Jets.
Shots for this period are 7 for Detroit Red Wings vs 18 for Winnipeg Jets.
3rd period
0:01 of 3rd period - Kevin Stenlund wins face-off versus Adam Lowry in neutral zone.
0:37 of 3rd period - Ridly Greig is hit by Jackson LaCombe and loses puck.
0:51 of 3rd period - Off-side.
0:52 of 3rd period - Fraser Minten wins face-off versus Adam Lowry in neutral zone.
0:57 of 3rd period - Snap shot by Fraser Minten.
0:57 of 3rd period - Shot Blocked by Haydn Fleury.
0:58 of 3rd period - Penalty to Cole Sillinger is over, Cole Sillinger is back on ice.
0:59 of 3rd period - Snap shot by Ryan Graves.
0:59 of 3rd period - Shot Misses the Net.
1:01 of 3rd period - Slapshot by Fraser Minten.
1:01 of 3rd period - Stopped by Dustin Wolf with a rebound.
1:03 of 3rd period - Slapshot by Ryan Graves.
1:03 of 3rd period - Stopped by Dustin Wolf with a rebound.
1:05 of 3rd period - Slapshot by Ryan Graves.
1:05 of 3rd period - Shot Misses the Net.
1:07 of 3rd period - Wrist shot by Cole Sillinger.
1:07 of 3rd period - Stopped by Dustin Wolf without a rebound.
1:08 of 3rd period - Kevin Stenlund wins face-off versus Jason Zucker in Winnipeg Jets zone.
1:13 of 3rd period - Slapshot by Jackson LaCombe.
1:13 of 3rd period - Stopped by Dustin Wolf without a rebound.
1:14 of 3rd period - Kevin Stenlund wins face-off versus Jason Zucker in Winnipeg Jets zone.
1:30 of 3rd period - Snap shot by Tanner Pearson.
1:30 of 3rd period - Stopped by Dustin Wolf with a rebound.
1:36 of 3rd period - Minor Penalty to Jason Zucker for Slashing.
1:37 of 3rd period - Fraser Minten wins face-off versus Ridly Greig in Winnipeg Jets zone.
3:03 of 3rd period - Minor Penalty to Taylor Hall for Cross-checking.
3:04 of 3rd period - Ridly Greig wins face-off versus Cole Sillinger in Winnipeg Jets zone.
3:29 of 3rd period - Nate Schmidt is hit by Jackson LaCombe and loses puck.
3:36 of 3rd period - Penalty to Jason Zucker is over, Jason Zucker is back on ice.
5:03 of 3rd period - Penalty to Taylor Hall is over, Taylor Hall is back on ice.
5:11 of 3rd period - Michael Kesselring is hit by Tanner Pearson and loses puck.
5:32 of 3rd period - Snap shot by Taylor Hall.
5:32 of 3rd period - Shot Misses the Net.
5:42 of 3rd period - Wrist shot by Brad Lambert.
5:42 of 3rd period - Stopped by Dustin Wolf without a rebound.
5:43 of 3rd period - Vladislav Namestnikov wins face-off versus Kevin Stenlund in Winnipeg Jets zone.
6:52 of 3rd period - Jackson LaCombe is hit by Sam Steel and loses puck.
7:29 of 3rd period - Dmitry Orlov is hit by Matvei Michkov and loses puck.
7:48 of 3rd period - Dmitry Orlov is hit by Sam Steel and loses puck.
7:58 of 3rd period - Sam Steel is hit by Kevin Stenlund and loses puck.
8:31 of 3rd period - Slapshot by Sam Steel.
8:31 of 3rd period - Shot Misses the Net.
8:54 of 3rd period - Wrist shot by Kevin Stenlund.
8:54 of 3rd period - Stopped by Dustin Wolf without a rebound.
8:55 of 3rd period - Taylor Hall wins face-off versus Cole Sillinger in Winnipeg Jets zone.
9:34 of 3rd period - Snap shot by Brad Lambert.
9:34 of 3rd period - Stopped by Dustin Wolf with a rebound.
10:16 of 3rd period - Connor Bedard is hit by Arthur Kaliyev and loses puck.
12:38 of 3rd period - Jackson LaCombe is hit by Vladislav Namestnikov and loses puck.
12:54 of 3rd period - Icing by Jonas Brodin.
12:55 of 3rd period - Vladislav Namestnikov wins face-off versus Brad Lambert in Winnipeg Jets zone.
18:41 of 3rd period - Icing by Ryan Graves.
18:42 of 3rd period - Nate Danielson wins face-off versus Matvei Michkov in Detroit Red Wings zone.
18:49 of 3rd period - Nate Schmidt is hit by Tanner Pearson and loses puck.
19:04 of 3rd period - Fraser Minten is hit by Ridly Greig and loses puck.
Goals for this period are 0 for Detroit Red Wings vs 0 for Winnipeg Jets.
Shots for this period are 8 for Detroit Red Wings vs 0 for Winnipeg Jets.
Overtime #1
0:01 of 1st overtime period - Matvei Michkov wins face-off versus Cutter Gauthier in neutral zone.
0:09 of 1st overtime period - Slapshot by Connor Bedard.
0:09 of 1st overtime period - Stopped by Sergei Bobrovsky without a rebound.
0:10 of 1st overtime period - Matvei Michkov wins face-off versus Cutter Gauthier in Detroit Red Wings zone.
0:23 of 1st overtime period - Slapshot by Matvei Michkov.
0:23 of 1st overtime period - Shot Blocked by Dmitry Orlov.
0:25 of 1st overtime period - Snap shot by Connor Bedard.
0:25 of 1st overtime period - Shot Misses the Net.
0:27 of 1st overtime period - Slapshot by Dylan Samberg.
0:27 of 1st overtime period - Stopped by Sergei Bobrovsky with a rebound.
0:29 of 1st overtime period - Slapshot by Dylan Samberg.
0:29 of 1st overtime period - Shot Blocked by Cutter Gauthier.
0:31 of 1st overtime period - Snap shot by Dylan Samberg.
0:31 of 1st overtime period - Shot Misses the Net.
0:47 of 1st overtime period - Wrist shot by Connor Bedard.
0:47 of 1st overtime period - Stopped by Sergei Bobrovsky with a rebound.
0:57 of 1st overtime period - Slapshot by Connor Bedard.
0:57 of 1st overtime period - Stopped by Sergei Bobrovsky without a rebound.
0:58 of 1st overtime period - Cutter Gauthier wins face-off versus Adam Lowry in Detroit Red Wings zone.
1:13 of 1st overtime period - Slapshot by Adam Lowry.
1:13 of 1st overtime period - Shot Blocked by Shayne Gostisbehere.
2:01 of 1st overtime period - Ridly Greig is hit by Zachary L'Heureux and loses puck.
2:08 of 1st overtime period - Slapshot by Jackson LaCombe.
2:08 of 1st overtime period - Stopped by Dustin Wolf with a rebound.
2:48 of 1st overtime period - Connor Bedard is hit by Dmitry Orlov and loses puck.
3:41 of 1st overtime period - Michael Kesselring is hit by Dmitry Orlov and loses puck.
4:02 of 1st overtime period - Cole Sillinger is hit by Alexis Lafreniere and loses puck.
4:11 of 1st overtime period - Alexis Lafreniere is hit by Cole Sillinger and loses puck.
4:48 of 1st overtime period - Jamie Drysdale is hit by Haydn Fleury.
Goals for this period are 0 for Detroit Red Wings vs 0 for Winnipeg Jets.
Shots for this period are 1 for Detroit Red Wings vs 4 for Winnipeg Jets.
ShootOut
5:00 of 1st overtime period - Round #1.
5:00 of 1st overtime period - Detroit Red Wings, Cutter Gauthier.
5:00 of 1st overtime period - Snap shot by Cutter Gauthier.
5:00 of 1st overtime period - Shot Misses the Net.
5:00 of 1st overtime period - Winnipeg Jets, Joel Armia.
5:00 of 1st overtime period - Backhand shot by Joel Armia.
5:00 of 1st overtime period - Stopped by Sergei Bobrovsky.
5:00 of 1st overtime period - Round #2.
5:00 of 1st overtime period - Detroit Red Wings, Collin Graf.
5:00 of 1st overtime period - Deke by Collin Graf.
5:00 of 1st overtime period - Stopped by Dustin Wolf.
5:00 of 1st overtime period - Winnipeg Jets, Connor Bedard.
5:00 of 1st overtime period - Wrist shot by Connor Bedard.
5:00 of 1st overtime period - Shot Misses the Net.
5:00 of 1st overtime period - Round #3.
5:00 of 1st overtime period - Detroit Red Wings, Cole Sillinger.
5:00 of 1st overtime period - Wrist shot by Cole Sillinger.
5:00 of 1st overtime period - Stopped by Dustin Wolf.
5:00 of 1st overtime period - Winnipeg Jets, Adam Lowry.
5:00 of 1st overtime period - Snap shot by Adam Lowry.
5:00 of 1st overtime period - Shot Misses the Net.
5:00 of 1st overtime period - Round #4.
5:00 of 1st overtime period - Detroit Red Wings, Nate Danielson.
5:00 of 1st overtime period - Deke by Nate Danielson.
5:00 of 1st overtime period - Stopped by Dustin Wolf.
5:00 of 1st overtime period - Winnipeg Jets, Ridly Greig.
5:00 of 1st overtime period - Deke by Ridly Greig.
5:00 of 1st overtime period - Stopped by Sergei Bobrovsky.
5:00 of 1st overtime period - Round #5.
5:00 of 1st overtime period - Detroit Red Wings, Brad Lambert.
5:00 of 1st overtime period - Deke by Brad Lambert.
5:00 of 1st overtime period - Goal by Brad Lambert.
5:00 of 1st overtime period - Winnipeg Jets, Taylor Hall.
5:00 of 1st overtime period - Wrist shot by Taylor Hall.
5:00 of 1st overtime period - Goal by Taylor Hall.
5:00 of 1st overtime period - Round #6.
5:00 of 1st overtime period - Detroit Red Wings, Arthur Kaliyev.
5:00 of 1st overtime period - Wrist shot by Arthur Kaliyev.
5:00 of 1st overtime period - Stopped by Dustin Wolf.
5:00 of 1st overtime period - Winnipeg Jets, Matvei Michkov.
5:00 of 1st overtime period - Wrist shot by Matvei Michkov.
5:00 of 1st overtime period - Shot Misses the Net.
5:00 of 1st overtime period - Round #7.
5:00 of 1st overtime period - Detroit Red Wings, Tanner Pearson.
5:00 of 1st overtime period - Backhand shot by Tanner Pearson.
5:00 of 1st overtime period - Stopped by Dustin Wolf.
5:00 of 1st overtime period - Winnipeg Jets, Alexander Kerfoot.
5:00 of 1st overtime period - Deke by Alexander Kerfoot.
5:00 of 1st overtime period - Shot Misses the Net.
5:00 of 1st overtime period - Round #8.
5:00 of 1st overtime period - Detroit Red Wings, Shayne Gostisbehere.
5:00 of 1st overtime period - Snap shot by Shayne Gostisbehere.
5:00 of 1st overtime period - Goal by Shayne Gostisbehere.
5:00 of 1st overtime period - Winnipeg Jets, Alexis Lafreniere.
5:00 of 1st overtime period - Wrist shot by Alexis Lafreniere.
5:00 of 1st overtime period - Goal by Alexis Lafreniere.
5:00 of 1st overtime period - Round #9.
5:00 of 1st overtime period - Detroit Red Wings, Conor Timmins.
5:00 of 1st overtime period - Wrist shot by Conor Timmins.
5:00 of 1st overtime period - Stopped by Dustin Wolf.
5:00 of 1st overtime period - Winnipeg Jets, Vladislav Namestnikov.
5:00 of 1st overtime period - Snap shot by Vladislav Namestnikov.
5:00 of 1st overtime period - Stopped by Sergei Bobrovsky.
5:00 of 1st overtime period - Round #10.
5:00 of 1st overtime period - Detroit Red Wings, Ryan Graves.
5:00 of 1st overtime period - Backhand shot by Ryan Graves.
5:00 of 1st overtime period - Stopped by Dustin Wolf.
5:00 of 1st overtime period - Winnipeg Jets, Nino Niederreiter.
5:00 of 1st overtime period - Wrist shot by Nino Niederreiter.
5:00 of 1st overtime period - Stopped by Sergei Bobrovsky.
5:00 of 1st overtime period - Round #11.
5:00 of 1st overtime period - Detroit Red Wings, Kevin Stenlund.
5:00 of 1st overtime period - Snap shot by Kevin Stenlund.
5:00 of 1st overtime period - Stopped by Dustin Wolf.
5:00 of 1st overtime period - Winnipeg Jets, Jason Zucker.
5:00 of 1st overtime period - Backhand shot by Jason Zucker.
5:00 of 1st overtime period - Shot Misses the Net.
5:00 of 1st overtime period - Round #12.
5:00 of 1st overtime period - Detroit Red Wings, Vasili Podkolzin.
5:00 of 1st overtime period - Deke by Vasili Podkolzin.
5:00 of 1st overtime period - Goal by Vasili Podkolzin.
5:00 of 1st overtime period - Winnipeg Jets, Nate Schmidt.
5:00 of 1st overtime period - Wrist shot by Nate Schmidt.
5:00 of 1st overtime period - Shot Misses the Net.
Back to the Top